 Dungeon Crawl Stone Soup version 0.32-a0-391-gce5c0aab1b (webtiles) character file.

Game seed: 16891875504256612837

78 n00bmints the Cudgeller (level 4, -7/41 HPs)
             Began as a Minotaur Berserker on Feb 19, 2024.
             Was a Believer of Trog.
             Mangled by an ice beast (14 damage)
             ... on level 6 of the Dungeon.
             The game lasted 00:03:11 (1398 turns).

n00bmints the Cudgeller (Minotaur Berserker)        Turns: 1398, Time: 00:03:12

Health: -7/41      AC:  5    Str: 24    XL:     4   Next: 15%
Magic:  3/3        EV: 11    Int:  4    God:    Trog [**....]
Gold:   83         SH:  0    Dex:  9    Spells: 3/3 levels left

rFire   . . .        a - +0 mace
rCold   . . .        (no shield)
rNeg    + . .        d - +0 ring mail
rPois   .            (helmet restricted)
rElec   .            (no cloak)
rCorr   .            (no gloves)
SInv    .            (no boots)
Will    .....        (no amulet) Stlth
                     j - ring of positive energy
HPRegen 0.26/turn    (no ring)
MPRegen 0.08/turn

%: no passive effects
@: no status effects
A: horns 2, retaliatory headbutt
a: Renounce Religion, Berserk, Trog's Hand


You were on level 6 of the Dungeon.
You worshipped Trog.
Trog was pleased with you.
You visited 1 branch of the dungeon, and saw 4 of its levels.

You collected 123 gold pieces.
You spent 40 gold pieces at shops.

Inventory:

Hand Weapons
 a - a +0 mace (weapon)
Armour
 b - a +0 animal skin
 d - a +0 ring mail (worn)
Jewellery
 j - a ring of positive energy (left hand)
 l - a +6 ring of strength
Scrolls
 c - 2 scrolls of teleportation {unknown}
 f - 2 scrolls of amnesia {unknown}
 h - a scroll of immolation {unknown}
 i - a scroll of fog {unknown}
 k - 3 scrolls of identify
 m - a scroll of noise {unknown}
Potions
 e - 2 potions of curing {unknown}
 g - a potion of haste {unknown}


   Skills:
 + Level 4.3 Fighting
 + Level 5.1 Maces & Flails
 + Level 2.8 Armour
 + Level 2.5 Dodging
 + Level 0.1 Stealth


You had 3 spell levels left.
You didn't know any spells.
Your spell library was empty.

Dungeon Overview and Level Annotations

Branches:
Dungeon (3/15)

Altars:

Shops:
D:2 ?


Innate Abilities, Weirdness & Mutations

You have a pair of horns on your head.
You reflexively headbutt those who attack you in melee.


Message History

You headbutt the ice beast, but do no damage.
The ice beast is lightly wounded.
The orc hits you from afar with a +0 trident.
The ice beast hits you but does no damage.
You hit the ice beast but do no damage.
The ice beast is lightly wounded.
You feel the effects of Trog's Hand fading.
The orc barely misses you. The ice beast barely misses you.
You furiously retaliate!
You headbutt the ice beast! You thump the ice beast!
The ice beast is severely wounded.
The orc completely misses you.
The ice beast hits you but does no damage.
You barely miss the ice beast.
The ice beast is severely wounded.
The orc hits you from afar with a +0 trident.
The ice beast hits you. The ice beast freezes you.
The ice beast closely misses you. You furiously retaliate!
You headbutt the ice beast. The orc closely misses you.
You closely miss the ice beast.
The ice beast is almost dead.
The orc hits you but does no damage. The ice beast hits you.
The ice beast freezes you!
You are too injured to fight recklessly!
You are too injured to fight recklessly!
You are too injured to fight recklessly!
You are too injured to fight recklessly!
You are too injured to fight recklessly!
You are too injured to fight recklessly!
You are too injured to fight recklessly!
You hit the ice beast but do no damage.
You headbutt the ice beast, but do no damage.
The ice beast is almost dead.
Your skin stops crawling.
You feel less strong-willed.
The orc hits you from afar with a +0 trident.
* * * LOW HITPOINT WARNING * * *
The ice beast hits you.
* * * LOW HITPOINT WARNING * * *
The ice beast freezes you!
You die...

..........
.......... #.
.........## ...
.......... ....
.........# #..
.........#...
.....oY..#.#.##
#@$.....#
####.##.#..
#....# #.##.# #
###


You could see an ice beast and an orc.

Vanquished Creatures
  An adder (D:2)
  2 dart slugs (D:2)
  3 ball pythons (D:1)
  5 endoplasms
  A giant cockroach (D:2)
  4 hobgoblins
  4 kobolds
  6 bats
  2 frilled lizards (D:2)
  5 goblins
  4 rats
37 creatures vanquished.

Notes
Turn   | Place    | Note
-------+----------+-------------------------------------------
     0 | D:1      | n00bmints the Minotaur Berserker began the quest for the
                  | Orb.
     0 | D:1      | Reached XP level 1. HP: 19/19 MP: 0/0
   156 | D:1      | Reached skill level 4 in Maces & Flails
   156 | D:1      | Reached XP level 2. HP: 25/27 MP: 1/1
   880 | D:2      | Reached XP level 3. HP: 33/33 MP: 2/2
   993 | D:2      | Reached skill level 5 in Maces & Flails
  1052 | D:2      | Reached ** piety under Trog
  1102 | D:2      | Found Yqaczakh's Magic Scroll Boutique.
  1110 | D:2      | Bought a scroll of identify for 20 gold pieces
  1110 | D:2      | Bought a scroll of identify for 20 gold pieces
  1117 | D:2      | Reached XP level 4. HP: 36/40 MP: 3/3
  1198 | D:2      | Found a faded altar of an unknown god.
  1384 | D:3      | You fall into a shaft and drop 3 floors!
  1386 | D:6      | Noticed an ice beast
  1398 | D:6      | Mangled by an ice beast

Illustrated notes

Levels and vault maps discovered:
D:1:      lightli_molten_gateway, layout_loops_corners, minmay_misc_feat_alley,
          minmay_misc_feat_five
D:2:      layout_rooms, chequers_ecumenical_altar_island, serial_shops,
          shop_fountains
D:3:      layout_loops_ring, uniq_natasha
D:6:      minmay_goblin_kobold_castle, layout_loops_corners,
          nicolae_qazlal_eye_of_the_storm, chequers_serial_rivers_marsh,
          minmay_crystal_room, minmay_misc_feat_iff, minmay_gold_behind_fungi

Skill      XL: |  1  2  3 |
---------------+----------+-----
Maces & Flails | 4 5 |  5.1
Fighting       | 4 |  4.3
Armour         | |  2.8
Dodging        | |  2.5
Stealth        | |  0.1

Action                     |  1- 3 |  4- 6 || total
---------------------------+-------+-------++-------
  Melee: Mace              |    46 |    12 ||    58
         Headbutt          |     7 |     4 ||    11
 Invoke: Trog's Hand       |       |     1 ||     1
 Armour: Animal skin       |     6 |       ||     6
         Ring mail         |    24 |    16 ||    40
  Dodge: Dodged            |    34 |    10 ||    44

Table legend: (Time is in decaauts)
 A = Elapsed time spent in this place.
 B = Non-inter-level travel time spent in this place.
 C = Inter-level travel time spent in this place.
 D = Time resting spent in this place.
 E = Time spent auto-exploring this place.
 F = Levels seen in this place.
 G = Mean time per level.
                   A        B        C        D        E       F      G
               +--------+--------+--------+--------+--------+-----+--------+
         Total |   1408 |   1303 |    105 |      0 |   1103 |   4 |  352.0 |
       Dungeon |   1408 |   1303 |    105 |      0 |   1103 |   4 |  352.0 |
               +--------+--------+--------+--------+--------+-----+--------+

Top non-repeatable levels by time:
     D:1: 874 daAuts
     D:2: 497 daAuts
     D:3: 21 daAuts
     D:6: 14 daAuts
